 Dungeon Crawl Stone Soup version 0.18-a0-1799-g6250cb2 (webtiles) character file.

567 Laan the Poker (level 7, -2/41 HPs)
             Began as a Gargoyle Fighter on Apr 23, 2016.
             Killed from afar by an orc wizard (13 damage)
             ... with a puff of flame
             ... on level 6 of the Dungeon.
             The game lasted 01:02:01 (3078 turns).

Laan the Poker (Gargoyle Fighter)                   Turns: 3078, Time: 01:02:02

Health: -2/41      AC: 15    Str: 21    XL:     7   Next: 33%
Magic:  7/7        EV:  5    Int:  9    God:
Gold:   160        SH:  9    Dex:  9    Spells: 0 memorised, 6 levels left

rFire  . . .     SeeInvis .     a - +0 trident
rCold  . . .     Gourm    .     h - +0 chain mail (curse)
rNeg   + . .     Faith    .     c - +0 shield
rPois  ∞         Spirit   .     (no helmet)
rElec  +         Dismiss  .     l - +0 cloak
rCorr  .         Reflect  .     (no gloves)
SustAt .         Harm     .     (no boots)
MR     .....                    o - amulet of magic regeneration
Stlth  ..........               (no ring)
                                (no ring)

@: not resistant to hostile enchantments, extremely unstealthy
A: negative energy resistance 1, electricity resistance, unbreathing,
petrification resistance, rot immunity, AC +4
a: no special abilities


You were on level 6 of the Dungeon.
You were hungry.

You visited 1 branch of the dungeon, and saw 5 of its levels.

You collected 160 gold pieces.

Inventory:

Hand Weapons
 a - a +0 trident (weapon)
Armour
 c - a +0 shield (worn)
 h - a cursed +0 chain mail (worn)
 l - a +0 cloak (worn)
Rods
 r - a +1 rod of inaccuracy (13/13)
   (You found it on level 4 of the Dungeon)
Jewellery
 o - an amulet of magic regeneration (around neck)
Scrolls
 b - 3 scrolls of identify {unknown}
 j - a scroll of fear {unknown}
 k - a scroll of immolation {unknown}
 n - a scroll of teleportation {unknown}
 s - 3 scrolls of remove curse {unknown}
 u - a scroll of noise {unknown}
 x - a scroll of fog {unknown}
Potions
 d - a potion of might
 e - a potion of ambrosia {unknown}
 i - 4 potions of curing {unknown}
 m - a potion of lignification {unknown}
 p - a potion of agility {unknown}
 t - 2 potions of cancellation {unknown}
Comestibles
 f - 3 bread rations
 g - 2 meat rations
 q - a beef jerky
 v - 2 slices of pizza


   Skills:
 - Level 3.2 Fighting
 + Level 7.2 Polearms
 - Level 3.2 Armour
 - Level 3.2 Shields


You had 6 spell levels left.
You didn't know any spells.

Dungeon Overview and Level Annotations

Branches:
Dungeon (4/15)
 Temple: D:4-7

Altars:
Dithmenos
Kikubaaqudgha
Ru
Sif Muna


Innate Abilities, Weirdness & Mutations

You are resistant to torment.
Your stone body is resilient (AC +4).
You are immune to poison.
You resist negative energy.
You are resistant to electric shocks.
You can survive without breathing.
You are immune to petrification.
You are immune to rotting.


Message History

A puff of flame appears from out of thin air!
The puff of flame hits you!
You barely miss something. You block something's attack.
You closely miss something. Something hits you but does no damage.
You hear some strange, mumbled words.
A puff of frost appears from out of thin air!
The puff of frost hits you! Something hits you but does no damage.
You closely miss something. Something hits you but does no damage.
Your chain mail prevents you from hitting something.
Something hits you but does no damage.
You hear some strange, mumbled words.
A puff of frost appears from out of thin air!
The puff of frost hits you!
* * * LOW HITPOINT WARNING * * *
You hit something. You hit something but do no damage.
You hear some strange, mumbled words.
A puff of flame appears from out of thin air!
The puff of flame hits you!
You die...

.###########
...........#
...........#
...........#####
..........o{{@.+
#..........#####
#..........#
#..........#
#..........#
#..........#
..........#
##########


You could see an orc.

Vanquished Creatures
  Duvessa (D:4)
  2 phantoms (D:4)
  Dowan (D:4)
  An orc priest (D:4)
  A hound (D:6)
  An orc wizard (D:3)
  Terence (D:3)
  2 gnolls (D:1)
  3 adders (D:4)
  A shadow imp (D:4)
  An adder skeleton (D:4)
  A worm (D:4)
  2 dart slugs
  4 giant geckos
  6 orcs
  A ball python (D:2)
  2 goblins
  4 hobgoblins
  4 jackals
  A quokka (D:6)
  5 bats
  3 giant newts
  5 kobolds
  6 rats
59 creatures vanquished.

Notes
Turn   | Place    | Note
--------------------------------------------------------------
     0 | D:1      | Laan the Gargoyle Fighter began the quest for the Orb.
     0 | D:1      | Reached XP level 1. HP: 14/14 MP: 1/1
   103 | D:1      | Reached skill level 2 in Polearms
   244 | D:1      | Reached XP level 2. HP: 19/19 MP: 2/2
   388 | D:1      | Reached skill level 3 in Polearms
   446 | D:1      | Reached XP level 3. HP: 23/23 MP: 3/3
  1115 | D:2      | Found a sacrificial altar of Ru.
  1500 | D:3      | Reached XP level 4. HP: 28/28 MP: 4/4
  1733 | D:3      | Reached skill level 4 in Polearms
  1751 | D:3      | Noticed Terence
  1764 | D:3      | Killed Terence
  1764 | D:3      | Reached XP level 5. HP: 29/32 MP: 5/5
  1918 | D:3      | Found an ancient bone altar of Kikubaaqudgha.
  2299 | D:4      | Noticed a phantom
  2321 | D:4      | Killed a phantom
  2321 | D:4      | Reached skill level 5 in Polearms
  2321 | D:4      | Reached XP level 6. HP: 24/37 MP: 6/6
  2404 | D:4      | Noticed Duvessa
  2404 | D:4      | Noticed Dowan
  2421 | D:4      | Killed Duvessa
  2421 | D:4      | Reached skill level 6 in Polearms
  2443 | D:4      | Killed Dowan
  2508 | D:4      | Found a shadowy altar of Dithmenos.
  2508 | D:4      | Noticed a phantom
  2539 | D:4      | Killed a phantom
  2539 | D:4      | Reached XP level 7. HP: 37/41 MP: 7/7
  2609 | D:4      | Reached skill level 7 in Polearms
  3009 | D:4      | Found a deep blue altar of Sif Muna.
  3042 | D:4      | You fall through a shaft for 2 floors!
  3078 | D:6      | Killed from afar by an orc wizard

Vault maps used:
D:1:      dpeg_arrival_simpleton_b
D:2:      hangedman_ru_absence, minmay_misc_feat_x
D:3:      kiku_gazebo_garden_becter, uniq_terence
D:4:      led_sif_pool, minmay_misc_feat_ornament, grunt_dithmenos_shadows,
          uniq_duvessa
D:6:      okawaru_altar_gauntlet_db, small_statue_intersection

Skill      XL: |  1  2  3  4  5  6  7 |
---------------+----------------------+-----
Polearms       | 2 3 4 5 6 7 |  7.2
Fighting       | |  3.2
Armour         | |  3.2
Shields        | |  3.2

Action                   |  1- 3 |  4- 6 |  7- 9 || total
-------------------------+-------+-------+-------++-------
Melee: Trident           |   157 |   159 |    58 ||   374
  Eat: Pizza             |     1 |       |       ||     1
       Chunk             |       |     3 |     1 ||     4
       Beef jerky        |       |     1 |       ||     1
Armor: Scale mail        |    47 |       |       ||    47
       Chain mail        |    12 |    89 |    32 ||   133
Dodge: Dodged            |    27 |    32 |     4 ||    63
Block: Shield            |    71 |    47 |    14 ||   132
